 Dungeon Crawl Stone Soup version 0.31-a0-102-g33a4ccc0cb (webtiles) character file.

Game seed: 16482082608343459314

926 NateTC the Magician (level 8, -5/50 HPs)
             Began as a Djinni Conjurer on May 27, 2023.
             Killed by an exploding fulminant prism (26 damage)
             ... on level 4 of the Dungeon.
             The game lasted 00:05:47 (4031 turns).

NateTC the Magician (Djinni Conjurer)               Turns: 4031, Time: 00:05:48

Health: -5/50      AC:  2    Str:  6    XL:     8   Next: 32%
Gold:   273        EV: 12    Int: 23    God:
                   SH:  0    Dex: 11

rFire   + + .        (no weapon)
rCold   x . .        (no shield)
rNeg    . . .        a - +0 robe
rPois   ∞            (no helmet)
rElec   .            (no cloak)
rCorr   +            (no gloves)
SInv    .            (boots unavailable)
Will    .....        (no amulet)
Stlth   ++           d - ring of resist corrosion
HPRegen 0.28/turn    (no ring)
MPRegen 0.00/turn

%: infuse magic (-6 HP)
@: flying, very slightly contaminated
A: sickness immunity, fire resistance 2, cold vulnerability 1, float, innate
caster, HP casting, extra vitality 1
a: no special abilities


You were on level 4 of the Dungeon.
You visited 1 branch of the dungeon, and saw 4 of its levels.
You also visited: Sewer.

You collected 273 gold pieces.

Inventory:

Armour
 a - a +0 robe (worn)
Jewellery
 d - a ring of resist corrosion (left hand)
 j - the amulet "Guxyaniy" {Faith Str+5}
   (You found it on level 3 of the Dungeon)

   [amulet of faith]

   It allows you to gain divine favour quickly.
   Str:       It affects your strength (+5).
Scrolls
 c - 6 scrolls of teleportation
Potions
 b - a potion of curing
 f - a potion of mutation
 g - a potion of attraction {unknown}
 h - a potion of enlightenment {unknown}
 i - 2 potions of invisibility
 k - a potion of experience {unknown}


   Skills:
 - Level 2.1 Dodging
 - Level 1.5 Stealth
 + Level 7.6 Spellcasting
 + Level 7.6 Conjurations
 + Level 7.6 Hexes
 + Level 7.6 Summonings
 + Level 7.6 Necromancy
 + Level 7.6 Translocations
 + Level 7.6 Transmutations
 + Level 7.6 Fire Magic
 + Level 7.6 Ice Magic
 + Level 7.6 Air Magic
 + Level 7.6 Earth Magic
 + Level 7.6 Poison Magic


You knew the following spells:

 Your Spells              Type           Power      Damage    Failure   Level
a - Magic Dart            Conj           100%       1d8       1%          1
b - Searing Ray           Conj           86%        2d7       1%          2
c - Dazzling Flash        Conj/Hex       78%        N/A       1%          3
d - Fulminant Prism       Conj/Hex       19%        3d11      4%          4
e - Iskenderun's Mystic   Conj/Tloc      39%        2d9       4%          4
f - Freeze                Ice            100%       1d10      1%          1
g - Ensorcelled Hibernat  Hex/Ice        78%        N/A       1%          2
h - Frozen Ramparts       Ice            86%        1d13      1%          3
Your spell library was empty.

Dungeon Overview and Level Annotations

Branches:
Dungeon (4/15) Zot: 20942   Sewer (visited)
 Temple: D:4-7

Altars:
Xom

Shops:
D:2 ?


Innate Abilities, Weirdness & Mutations

You are immune to sickness and miasma.
You are immune to poison.
Your flesh is very heat resistant. (rF++)
You are vulnerable to cold. (rC-)
You float through the air rather than walking.
You learn spells naturally, not from books.
Your magical power is your life essence.
You have superior vitality. (+4 MHP)


Message History

Aiming: Fulminant Prism (dangerous; 4% risk of failure)
Press: ? - help, Dir - move target You conjure a prism of explosive energy!
A fulminant prism comes into view.
A goblin comes into view. It is wielding a +1 dagger of draining.
Your fulminant prism crackles loudly.
Your fulminant prism explodes!
The blast of energy engulfs the goblin!
You kill the goblin!
Casting: Fulminant Prism (dangerous; 4% risk of failure)
Confirm with . or Enter, or press ? or * to list all spells.
Aiming: Fulminant Prism (dangerous; 4% risk of failure)
Press: ? - help, Dir - move target, f - goblin
Aim: a goblin, wielding a +0 club You can't place the prism on a creature.
Casting: Fulminant Prism (dangerous; 4% risk of failure)
Confirm with . or Enter, or press ? or * to list all spells.
Aiming: Fulminant Prism (dangerous; 4% risk of failure)
Press: ? - help, Dir - move target, p - goblin You miscast Fulminant Prism.
You are very lightly contaminated with residual magic.
Nothing appears to happen.
The goblin hits you with a +0 club. The goblin barely misses you.
Casting: Fulminant Prism (dangerous; 4% risk of failure)
Confirm with . or Enter, or press ? or * to list all spells.
Aiming: Fulminant Prism (dangerous; 4% risk of failure)
Press: ? - help, Dir - move target You conjure a prism of explosive energy!
A fulminant prism comes into view.
The goblin hits you with a +0 club. The goblin hits you but does no damage.
Your fulminant prism crackles loudly.
The goblin hits you with a +0 club.
Your fulminant prism explodes!
The blast of energy engulfs the goblin!!
You kill the goblin!
The blast of energy engulfs you!!
Ouch! That really hurt!
You die...

###.#.# ......
###..).##
#.......###
#.........#
#.....).#.#
#..))##(##
#...@!...#
#.#####<.###..#
#.....†...)...#
###.###..####.#
....# !.>##.#
###< #.# # .#.
# #


There were no monsters in sight!

Vanquished Creatures
  7 kobold brigands (Sewer)
  A howler monkey (D:4)
  4 crimson imps (D:3)
  A hound (D:4)
  An iguana (D:4)
  Robin (D:4)
  3 gnolls (D:4)
  5 adders
  4 worms
  6 dart slugs
  2 orcs (D:3)
  8 ball pythons
  12 endoplasms
  A giant cockroach (D:4)
  12 goblins
  7 hobgoblins
  3 jackals (D:2)
  15 kobolds
  6 quokkas
  10 bats
  2 frilled lizards (D:1)
  8 rats
119 creatures vanquished.

Vanquished Creatures (others)
  8 fulminant prisms
8 creatures vanquished.

Grand Total: 127 creatures vanquished

Notes
Turn   | Place    | Note
-------+----------+-------------------------------------------
     0 | D:1      | NateTC the Djinni Conjurer began the quest for the Orb.
     0 | D:1      | NateTC set off with the following spells memorised: Magic
                  | Dart, Searing Ray, Dazzling Flash, Fulminant Prism,
                  | Iskenderun's Mystic Blast.
     0 | D:1      | Reached XP level 1. HP: 15/15 MP: 0/0
   105 | D:1      | Reached XP level 2. HP: 21/21 MP: 0/0
   255 | D:1      | Reached XP level 3. HP: 24/25 MP: 0/0
   255 | D:1      | Learned a level 1 spell: Freeze
  1006 | D:2      | Reached XP level 4. HP: 25/31 MP: 0/0
  1488 | D:2      | Found Heahebe's Magic Scroll Emporium.
  1626 | D:2      | Reached XP level 5. HP: 34/35 MP: 0/0
  1626 | D:2      | Learned a level 2 spell: Ensorcelled Hibernation
  1952 | D:3      | Found a shimmering altar of Xom.
  1964 | D:3      | Reached skill level 5 in Spellcasting
  1964 | D:3      | Reached skill level 5 in Conjurations
  1964 | D:3      | Reached skill level 5 in Hexes
  1964 | D:3      | Reached skill level 5 in Summonings
  1964 | D:3      | Reached skill level 5 in Necromancy
  1964 | D:3      | Reached skill level 5 in Translocations
  1964 | D:3      | Reached skill level 5 in Transmutations
  1964 | D:3      | Reached skill level 5 in Fire Magic
  1964 | D:3      | Reached skill level 5 in Ice Magic
  1964 | D:3      | Reached skill level 5 in Air Magic
  1964 | D:3      | Reached skill level 5 in Earth Magic
  1964 | D:3      | Reached skill level 5 in Poison Magic
  1969 | D:3      | Reached XP level 6. HP: 19/40 MP: 0/0
  1989 | D:3      | Found a glowing drain.
  1998 | Sewer    | Entered a sewer
  2302 | Sewer    | Reached XP level 7. HP: 37/45 MP: 0/0
  2302 | Sewer    | Learned a level 3 spell: Frozen Ramparts
  2888 | Sewer    | Reached XP level 8. HP: 42/50 MP: 0/0
  3158 | D:3      | Identified the amulet "Guxyaniy" {Faith Str+5}
  3882 | D:4      | Identified the +0 helmet of a sewer {Int+2}
  3882 | D:4      | Noticed Robin
  4015 | D:4      | Killed Robin
  4031 | D:4      | Killed by an exploding fulminant prism

Illustrated notes

Levels and vault maps discovered:
D:1:      lemuel_arrival_broad_hall, layout_basic, minmay_indecisive_spiral
D:2:      layout_loops_ring, serial_glass, glass_columns_b, glass_columns_b,
          serial_shops, shop
D:3:      layout_rooms, led_xom_imps, mainiacjoe_overflow_24_doors,
          cheibrodos_sewer_entry_bend, serial_co_window_serial,
          co_window_cross_1, co_window_corner_a, co_window_paths_a,
          co_window_paths_a, co_window_paths_a, co_window_cross_4,
          co_window_2corner, co_window_unsneaky_path_a, co_window_paths_d,
          glass_columns_a, glass_columns_b
D:4:      layout_loops_ring, tgw_trog, serial_shops, shop, uniq_robin,
          uniq_eustachio

Skill      XL: |  1  2  3  4  5  6  7 |
---------------+----------------------+-----
Spellcasting   | 4 5 6 7 |  7.6
Conjurations   | 4 5 6 7 |  7.6
Hexes          | 4 5 6 7 |  7.6
Summonings     | 4 5 6 7 |  7.6
Necromancy     | 4 5 6 7 |  7.6
Translocations | 4 5 6 7 |  7.6
Transmutations | 4 5 6 7 |  7.6
Fire Magic     | 4 5 6 7 |  7.6
Ice Magic      | 4 5 6 7 |  7.6
Air Magic      | 4 5 6 7 |  7.6
Earth Magic    | 4 5 6 7 |  7.6
Poison Magic   | 4 5 6 7 |  7.6
Dodging        | |  2.1
Stealth        | |  1.5

Action                     |  1- 3 |  4- 6 |  7- 9 || total
---------------------------+-------+-------+-------++-------
  Melee: Unarmed           |       |     1 |       ||     1
   Cast: Magic Dart        |    63 |   110 |   100 ||   273
         Iskenderun's Myst |       |     1 |     6 ||     7
         Fulminant Prism   |       |       |     8 ||     8
         Searing Ray       |       |       |     2 ||     2
         Frozen Ramparts   |       |       |     1 ||     1
    Use: Scroll            |     2 |     3 |     7 ||    12
 Armour: Robe              |     1 |     8 |     3 ||    12
  Dodge: Dodged            |     3 |    20 |    17 ||    40

Table legend: (Time is in decaauts)
 A = Elapsed time spent in this place.
 B = Non-inter-level travel time spent in this place.
 C = Inter-level travel time spent in this place.
 D = Time resting spent in this place.
 E = Time spent auto-exploring this place.
 F = Levels seen in this place.
 G = Mean time per level.
                   A        B        C        D        E       F      G
               +--------+--------+--------+--------+--------+-----+--------+
         Total |   4030 |   3934 |     96 |    364 |   2993 |   5 |  806.0 |
       Dungeon |   3056 |   2960 |     96 |    288 |   2257 |   4 |  764.0 |
         Sewer |    973 |    973 |      0 |     76 |    736 |   1 |  973.0 |
               +--------+--------+--------+--------+--------+-----+--------+

Top non-repeatable levels by time:
     D:3: 1090 daAuts
     D:1: 992 daAuts
   Sewer: 973 daAuts
     D:2: 757 daAuts
     D:4: 216 daAuts
